Cogmind - Beta 13 @@@ ROGUE MODE // 2024.03.25 @ 14:52:08 Player: Julie Result: Destroyed by Y-45 Defender with Heavy Assault Rifle Performance ------------- Evolutions (1) 500 Regions Visited (2) 400 Robots Destroyed (10) 50 Value Destroyed (243) 243 Prototype IDs (1) 20 Alien Tech Used (0) 0 Bonus (0) 0 TOTAL SCORE: 1213 Bonus ------- None Cogmind --------- Core Integrity 0/400 Matter 288/300 Energy 100/100 System Corruption 0% Temperature Cool (0) Movement Core (100) Ox1 Location -9/Materials Parts ------- > --- POWER (1) -------- (None) > --- PROPULSION (3) --- (None) > --- UTILITY (3) ------ Small Storage Unit > --- WEAPON (2) ------- (None) > --- INVENTORY (8) ---- Ion Engine Improved Ion Engine Flight Unit Improved Flight Unit Improved Flight Unit High-powered Tractor Beam Assault Rifle Peak State ------------ > --- POWER ------------ Light Ion Engine > --- PROPULSION ------- Flight Unit Improved Flight Unit Improved Flight Unit > --- UTILITY ---------- Heat Sink Small Storage Unit Core Shielding > --- WEAPON ----------- Small Laser Light Assault Rifle > --- INVENTORY -------- Ion Engine Improved Ion Engine Flight Unit High-powered Tractor Beam Assault Rifle [Rating: 13] Favorites ----------- Power Ion Engine Engine Ion Engine Propulsion Aluminum Leg Leg Aluminum Leg Flight Unit Flight Unit Utility Small Storage Unit Device Heat Sink Storage Small Storage Unit Protection Light Armor Plating Weapon Small Laser Energy Gun Small Laser Ballistic Gun Assault Rifle Build | -11 -10 -9 ------- Run | Yrd Mat Mat Slots Evolved 2 | . . 2 Power . | . . . Propulsion 1 | . . 1 Utility 1 | . . 1 Weapon . | . . . Parts Attached 22 | 7 8 7 Power 4 | 2 1 1 Engine 4 | 2 1 1 Core . | . . . Reactor . | . . . Propulsion 10 | 2 4 4 Treads . | . . . Leg 4 | 2 2 . Wheel . | . . . Hover . | . . . Flight 6 | . 2 4 Utility 4 | 1 2 1 Device 1 | . 1 . Storage 1 | 1 . . Processor . | . . . Hackware . | . . . Protection 2 | . 1 1 Artifact . | . . . Weapon 4 | 2 1 1 Energy Gun 2 | 1 . 1 Energy Cannon . | . . . Ballistic Gun 2 | 1 1 . Ballistic Cannon . | . . . Launcher . | . . . Special Weapon . | . . . Impact Weapon . | . . . Slashing Weapon . | . . . Piercing Weapon . | . . . Special Melee Weapon . | . . . Unidentified Prototypes 1 | . . 1 Parts Lost 4 | . 2 2 Power 1 | . 1 . Propulsion 1 | . . 1 Utility 1 | . 1 . Weapon 1 | . . 1 Highest Loss Streak 2 | . 2 1 To Critical Strikes . | . . . Average Slot Usage (%) 84 | . 94 74 Engine 11 | . 13 9 Leg 12 | . 23 . Flight 14 | . 4 26 Device 8 | . 7 9 Storage 12 | . 14 11 Protection 1 | . 1 . Energy Gun 11 | . 14 7 Ballistic Gun 11 | . 14 9 Naked Turns . | . . . Heaviest Build 14 | 11 14 13 Greatest Support 20 | 20 20 14 Greatest Overweight (x) 4 | 3 4 2 Average Overweight (x) . | 1 . . Largest Inventory Capacity 8 | 8 8 8 Average Capacity 7 | 6 8 8 Most Carried 8 | 4 8 8 Average Carried 5 | 2 5 5 Final Capacity 8 | 8 8 8 Final Carried 8 | 4 8 7 Class Distribution -------------------- 53% | Mutant 46% | Scavenger-Mutant Dominant Class ---------------- Mutant | -10/Materials Scavenger-Mutant | -9/Materials Resources | -11 -10 -9 ----------- Run | Yrd Mat Mat Matter Collected 457 | 219 174 64 Remotely . | . . . Salvage Created 392 | . 309 83 Parts 26 | . 19 7 Haulers Intercepted . | . . . Recyclers Shooed . | . . . Parts Field Recycled . | . . . Retrieved Matter . | . . . Parts Self-Destructed . | . . . Prevented . | . . . Kills | -11 -10 -9 ------- Run | Yrd Mat Mat Combat Hostiles Destroyed 8 | . 7 1 Guns 8 | . 7 1 Classes Destroyed 5 | . 3 2 Recycler 1 | . 1 . Watcher 1 | . . 1 Swarmer 3 | . 3 . Grunt 4 | . 4 . Sentry 1 | . . 1 Best Kill Streak 4 | . 4 1 Combat Bots Only 4 | . 4 1 Max Kills in Single Turn 1 | . 1 1 Gunslinging . | . . . Exploded . | . . . Melee . | . . . Uniques/NPCs Destroyed . | . . . Combat | -11 -10 -9 -------- Run | Yrd Mat Mat Hostile Shots Fired 131 | . 56 75 Missed 37 | . 11 26 Damage Taken 1228 | . 472 756 Core 452 | . 40 412 Absorbed by Shields . | . . . Redirected to Shielding 13 | . . 13 Core Remaining (%) 92 | 100 84 . Volleys Fired 31 | . 21 10 Largest 2 | . 2 2 Hottest 60 | . 60 60 Shots Fired 60 | . 42 18 Gun 60 | . 42 18 Cannon . | . . . Launcher . | . . . Special . | . . . Kinetic 31 | . 21 10 Thermal 29 | . 21 8 Explosive . | . . . Electromagnetic . | . . . Robot Hit Streak 11 | . 5 11 Robot Miss Streak 2 | . 2 1 Penetration Max . | . . . Secondary Targets 3 | . 3 . Max Gunslinging Chain 1 | . 1 . Shots Hit Robots 40 | . 27 13 Core Hits 18 | . 13 5 Critical Kills 1 | . 1 . Critical Parts Destroyed . | . . . Critical Strikes 1 | . 1 . Destroy 1 | . 1 . Melee Attacks . | . . . Impact . | . . . Slashing . | . . . Piercing . | . . . Sneak Attacks . | . . . Combat Hostiles . | . . . Follow-up Attacks . | . . . Damage Inflicted 458 | . 332 126 Guns 453 | . 332 121 Cannons . | . . . Explosions . | . . . Melee . | . . . Ramming 5 | . . 5 Kinetic 259 | . 211 48 Thermal 194 | . 121 73 Explosive . | . . . Electromagnetic . | . . . Impact . | . . . Slashing . | . . . Piercing . | . . . Highest Corruption 6 | . 6 . Average Corruption 5 | . 5 . Corruption Purged . | . . . Corruption Blocked . | . . . Effects 2 | . 2 . Energy Discharges 1 | . 1 . Data Loss (major) 1 | . 1 . Overload Shots . | . . . Overflow Damage . | . . . Projectiles . | . . . Explosions . | . . . Melee . | . . . Knockbacks . | . . . Impact . | . . . Kinetic . | . . . Secondary . | . . . Self-Inflicted Damage 2 | . . 2 Shots . | . . . Rammed 2 | . . 2 Targets Rammed 2 | . . 2 Kicked . | . . . Crushed . | . . . Highest Temperature 189 | . 189 8 Average Temperature 118 | . 127 5 Received Heat Transfer 399 | . 228 171 Siege Activations . | . . . Robots Corrupted . | . . . Combat Hostiles . | . . . Parts Fried . | . . . Impact Corruptions . | . . . Robots Melted . | . . . Combat Hostiles . | . . . Parts Melted . | . . . Heat Transferred 450 | . 275 175 Parts Sabotaged . | . . . Parts Stolen . | . . . Parts Stripped . | . . . Power Chain Reactions . | . . . Alert | -11 -10 -9 ------- Run | Yrd Mat Mat Peak Influence 222 | . 215 222 Initial 90 | . . 90 Average 107 | . 93 148 Maximum Alert Level 1 | . 1 1 Low Security (%) 81 | 100 76 82 Level 1 18 | . 23 17 Level 2 . | . . . Level 3 . | . . . Level 4 . | . . . Level 5 . | . . . High Security . | . . . Max Security . | . . . Squads Dispatched 2 | . 2 . Investigation 1 | . 1 . Extermination . | . . . Reinforcement 1 | . 1 . Assault . | . . . Garrison . | . . . Intercept . | . . . Searches Triggered . | . . . Construction Impeded . | . . . Haulers Reinforced . | . . . Active Scanning Responses . | . . . Cargo Convoy Interrupts . | . . . Stealth | -11 -10 -9 --------- Run | Yrd Mat Mat Distress Signals 1 | . 1 . Communications Jammed . | . . . Distress Signals . | . . . Times Spotted 16 | . 11 5 Peak Tracking Total 5 | . 5 3 Tactical Retreats 1 | . 1 . Traps | -11 -10 -9 ------- Run | Yrd Mat Mat Traps Triggered 8 | . 4 4 Indirectly . | . . . Trap Hack Attempts . | . . . Triggered . | . . . Disarmed . | . . . Reprogrammed . | . . . Reused . | . . . Traps Extracted . | . . . Installed . | . . . Triggered . | . . . Machines | -11 -10 -9 ---------- Run | Yrd Mat Mat Machines Disabled 1 | . 1 . Max in Single Turn 1 | . 1 . Machines Repaired . | . . . Machines Dismantled . | . . . Machines Sabotaged . | . . . Overloaded Fab Kills . | . . . Hacking | -11 -10 -9 --------- Run | Yrd Mat Mat Machines Accessed 4 | . 1 3 Terminals 2 | . . 2 Fabricators . | . . . Repair Stations . | . . . Recycling Units 1 | . 1 . Scanalyzers 1 | . . 1 Garrison Access . | . . . Total Hacks 5 | . 1 4 Successful 4 | . 1 3 Failed 1 | . . 1 Catastrophic 1 | . . 1 Database Lockouts . | . . . Manual . | . . . Terminals 2 | . . 2 Fabricators . | . . . Repair Stations . | . . . Recycling Units 1 | . 1 . Scanalyzers 2 | . . 2 Garrison Access . | . . . Terminal Hacks 1 | . . 1 Locate Traps 1 | . . 1 Fabricator Hacks . | . . . Repair Station Hacks . | . . . Recycling Unit Hacks 1 | . 1 . Report Inventory 1 | . 1 . Scanalyzer 2 | . . 2 Insert Component 1 | . . 1 Analyze 1 | . . 1 Garrison Access Hacks . | . . . Unauthorized Hacks . | . . . Terminals . | . . . Fabricators . | . . . Repair Stations . | . . . Recycling Units . | . . . Scanalyzers . | . . . Garrison Access . | . . . Data Cores Recovered . | . . . Used . | . . . Hacking Detections 1 | . . 1 Full Trace Events . | . . . Feedback Events . | . . . Feedback Blocked . | . . . Robot Schematics Acquired . | . . . Robots Built . | . . . Authchips . | . . . Time . | . . . Total Robot Build Rating . | . . . Part Schematics Acquired 1 | . . 1 Parts Built . | . . . Authchips . | . . . Time . | . . . Total Part Build Rating . | . . . Parts Repaired . | . . . Time . | . . . Parts Recycled . | . . . Recycled Matter . | . . . Retrieved Matter . | . . . Retrieved Components . | . . . Parts Scanalyzed 1 | . . 1 Part Schematics Acquired 1 | . . 1 Parts Damaged . | . . . Bothacking | -11 -10 -9 ------------ Run | Yrd Mat Mat Used RIF Installer . | . . . Robots Hacked . | . . . Non-combat . | . . . Combat . | . . . Robot Hacks Applied . | . . . Relay Couplers Released . | . . . Fabnet Peak Effective % . | . . . Robots Rewired . | . . . Allies Hacked . | . . . Hacks Repelled . | . . . Allies | -11 -10 -9 -------- Run | Yrd Mat Mat Total Allies . | . . . Largest Group . | . . . Highest-Rated Group . | . . . Highest-Rated Ally . | . . . Total Orders . | . . . Ally Attacks . | . . . Total Damage . | . . . Kills . | . . . Allies Corrupted . | . . . Allies Melted . | . . . Intel | -11 -10 -9 ------- Run | Yrd Mat Mat Robot Analysis Total . | . . . Derelict Logs Recovered . | . . . Drone Launches . | . . . Drone Recoveries . | . . . Exploration | -11 -10 -9 ------------- Run | Yrd Mat Mat Turns Passed 793 | 83 366 344 Spaces Moved 786 | 52 183 551 Core 91 | 47 22 22 Treads . | . . . Legs 166 | 5 161 . Wheels . | . . . Hover . | . . . Flight 529 | . . 529 Fastest Speed 34 | 50 120 34 Average Speed 74 | 130 135 49 Slowest Speed 250 | 200 250 180 Overloaded Moves . | . . . Propulsion Burnouts . | . . . Robots Hopped 3 | . . 3 Cave-ins Triggered . | . . . Exploration Rate (%) 19 | 4 29 25 Regions Visited 2 Branch Regions . Pre-discovered Areas . | . . . Known Exits Taken . | . . . Unknown Exits Taken 2 | 1 1 . Scrap Searched . | . . . Spaces Dug . | . . . Terrain Destroyed . | . . . Melee . | . . . Projectile . | . . . AOE . | . . . Terrain Rammed . | . . . Walls Destroyed . | . . . Machines Disabled . | . . . Actions | -11 -10 -9 --------- Run | Yrd Mat Mat Total 933 | 63 259 611 Wait 68 | 1 42 25 Move 778 | 51 182 545 Hop 3 | . . 3 Pick Up 14 | 4 2 8 Fast Attach 13 | 6 4 3 Attach 5 | . 2 3 Detach 5 | . 3 2 Swap 4 | 1 2 1 Drop 10 | . 1 9 Fire 31 | . 21 10 Melee . | . . . Ram 2 | . . 2 Kick . | . . . Crush . | . . . Escape Stasis . | . . . Rewire . | . . . Trap . | . . . Miscellaneous . | . . . Route ------- -11/Scrapyard -10/Materials -9/Materials (discovered 1 exit: [*Sto]) History --------- Turn | Location | Event 2 | -11/Scrapyard | Discovered new exit (range 16) 84 | -11/Scrapyard | Entered Materials 315 | -10/Materials | Build established: Mutant 387 | -10/Materials | Discovered new exit (range 12) 450 | -10/Materials | Entered another Materials area 450 | -9/Materials | Evolved 2 slots: Propulsion x1, Utility x1 678 | -9/Materials | Build established: Scavenger-Mutant 735 | -9/Materials | Discovered new exit (range 12) 778 | -9/Materials | Core integrity fell below 50% 786 | -9/Materials | Core integrity fell below 20% 794 | -9/Materials | Destroyed by Y-45 Defender with Heavy Assault Rifle Last Messages --------------- 00759_ Sml. Laser severed. 00759_ Heat Sink severed. 00759_ Lgt. Ion Engine severed. 00760_ Acquired Flight Unit. 00761_ Flight Unit destroyed. 00762_ Triggered Blade Trap. 00762_ Massive razor-sharp blades shoot up from within the floor. 00762_ Imp. Flight Unit severed. 00766_ Acquired Imp. Flight Unit. 00769_ Triggered Blade Trap. 00769_ Massive razor-sharp blades shoot up from within the floor. 00769_ Core Shielding severed. 00774_ Slammed into Y-45 Defender. 00780_ R-06 Scavenger collects Lgt. Assault Rifle. 00783_ U-05 Engineer lays Concrete. 00783_ R-06 Scavenger collects Core Shielding. 00784_ U-05 Engineer lays Concrete. Map ----- +----------------------------------------------------+ | ????????????# #???????????????????? | | ???########## #???????????????????? | | ???# = #???????????????????? | | ???# ######## #???????????????????? | | ???# #??????# [ #???????????????????? | | ???# #??????##! *##???????????????????? | | ???# #???????# ^#????????????????????? | | ???# #?###???# #????????????????????? | | ???# #?? ??# #??? #?????????????? | | ???# #? """?# #??" ??????????????? | | ???# ## """ # #?R #?????????????? | | ???# ## """ # #""" #?????????????? | | ???# ## +Y + ???????????????? | | ???# ## ! # ########?????????????? | | ???# #########Y #? #?????????????? | | ???# ## # Y # #?????????????? | | ???# ## # # """#?????????????? | | ???# + + + """#?????????????? | | ???# # # # """#?????????????? | | ???# # # # #?????????????? | | ???# + # #?######?????????????? | | ???# ######### #????????????????????? | | ???# #???????# #????????????????????? | | ???# #???????# #????????????????????? | | ???# #?????### ###??????????????????? | | ???# #?????# @ #??????????????????? | | ???# #?????# #??????????????????? | | ???# #?????# k ???????????????? | | ???# #?????# < ????????????? | | ???# #?????# ?????????? | | ???# #?????# ! ##### ??????????? | | ???# #?????# #????? ??????????? | | ???# #?????#########?????? ???????????? | | ???# #????????????????????????????????? | | ???# #????????????????????????????????? | | ?###/####?????????????????????????????? | | ?# #?????????????????????????????? | | ?# """ #?????????????????????????????? | | ?# """ #?????????????????????????????? | | ?# """ #?????????????????????????????? | | ?# #?????????????????????????????? | | ?# #?????????????????????????????? | | ?####+###################?????????????? | | ????# ^ + =#?????????????? | | ????# ^^ #### #?????????????? | | ????# ^^ # """ #?????????????? | | ????# ^ + """ #?????????????? | | ????########## # """ #?????????????? | | ?????????????## ## #?????????????? | | ??????????????# #########?????????????? | +----------------------------------------------------+ Best States ------------- Heat Dissipation 38 Energy Generation 10 Energy Capacity 250 Matter Stores 300 Matter Capacity 300 Sight Range 16 Terrain Scan Density 10 Armor Coverage 150 Core Shielding 20 Evasion (%) 63 Item Schematics ----------------- Imp. Flight Unit | -9/Materials | Scanalyzed Robot Schematics ------------------ None Fabricated ------------ Nothing Alien Tech Used ----------------- None Achievements -------------- None Challenges ------------ None Game ------ Seed FissionBiometalBlaster Manual? 0 Play Time 00:14:39 Cumulative 17.6 hours Start 2024.03.25 @ 14:42:44 End 2024.03.25 @ 14:52:08 Sessions 1 Manual Loads 0 Difficulty Rogue Special Mode None Game No. 54 Rogue 54 Adventurer 0 Explorer 0 Win Type - Total 0 Types 0/0/0/0/0/0/0/0/0 Lore% 14 Gallery% 24 Achievement% 19 Wizard Run 0 Options --------- Layout 1 ASCII 0 Keyboard 1 Movement Numpad Keybinds 0 Fullscreen 2 Font 24/Terminus Map View 50x35 Zoom Use 0% Tactical HUD 1 Map Filters NONE Filters NONE Steam 1 RUN: c8d92bd5-369c-47c4-9f98-e65b8d5e9959